[Event "FIDE Womens Grand Prix-I 2022-23"]
[Site "Nur-Sultan"]
[Date "2022.09.22"]
[Round "5.1"]
[White "Kashlinskaya, Alina"]
[Black "Shuvalova, Polina"]
[Result "1-0"]
[ECO "E47"]
[WhiteElo "2491"]
[BlackElo "2510"]
[Annotator "TA"]
[PlyCount "145"]
[EventDate "2022.09.15"]
[EventType "tourn"]
[EventCountry "KAZ"]
[SourceTitle "playchess.com"]
[Source "ChessBase"]
[SourceQuality "1"]
[TimeControl "40/5400+30:1800+30"]

1. d4 Nf6 2. c4 e6 3. Nc3 Bb4 4. e3 O-O 5. Bd3 Re8 6. a3 Bxc3+ 7. bxc3 e5 8. Ne2 d6 9. f3 b6 10. e4 Ba6 11. O-O Nc6 12. Bg5 h6 13. Bh4 $1 g5 $1 14. Bf2 Nh5 $1 15. c5 Bxd3 16. Qxd3 dxc5 17. Qb5 Qd7 (17... Qd6 $15) 18. d5 $11 Nb8 19. Qb3 Qe7 20. a4 Nd7 21. Rfd1 Red8 22. a5 Ndf6 23. Ra2 Ne8 24. Rda1 Nd6 25. axb6 cxb6 26. Ra6 Qd7 27. c4 Rdb8 28. Nc3 Kh7 29. Na4 Nf4 30. Be3 Ng6 (30... Rb7 {is interesting.} 31. Qc2 Rg8 32. Kh1 Rc7) 31. Qa2 Qc7 32. Nb2 Rb7 33. Nd3 f6 34. Qc2 Ne7 35. h3 Kg7 36. Bf2 Rc8 37. Qa2 Kf7 38. Bg3 (38. h4 {looks sharper.} Ng6 39. h5 Nf4 40. Nxf4 gxf4 41. Rxa7 Rxa7 42. Qxa7 Nxc4 43. Kf1) 38... Ng6 39. Nb2 Ra8 40. Nd3 Kg8 41. Qc2 Re8 42. R1a4 Nf8 43. Qa2 Nc8 44. Qb3 Nd7 45. Ra1 Nb8 46. R6a2 a5 47. h4 ({White should try} 47. Nb2 $11) 47... Nd6 $15 48. Nf2 Nd7 ({Better is} 48... Qg7 $15) 49. Qc3 Kg7 50. Ng4 Qd8 51. Rf1 Qe7 52. Raa1 Ra8 53. Rae1 b5 54. hxg5 hxg5 55. f4 $1 (55. cxb5 Nxb5 56. Qb2 Qd8 $17) 55... b4 (55... Nxc4 56. fxe5 fxe5 57. Rf5 $14) 56. Qa1 $2 (56. Qc1 $1 $11 {and White has nothing to worry.}) 56... gxf4 $19 57. Bxf4 Rh8 $2 (57... exf4 58. Rxf4 b3) 58. Re3 $2 (58. Be3) 58... Rh5 $2 (58... exf4 59. e5 fxe5 60. Nxe5 Qf6 61. Nxd7 Rxd7 62. Rg3+ Kf7 63. Rxf4 Qxf4 64. Qg7+ Ke8 65. Qxh8+ Ke7) 59. Bh6+ $19 Kh8 ({Stronger than} 59... Rxh6 60. Nxh6 Kxh6 61. Qe1 $17) 60. Qd1 Rb8 $2 (60... Nxc4 61. Rg3 Qf7 62. Nxf6 Nxf6 63. Rxf6 Rh1+ 64. Kxh1 $18) (60... Qf7 $1 $19 {[%cal Rf7g6] Strongly threatening ...Qg6.} 61. Nxf6 Nxf6 62. Rxf6 Qxf6 63. Qxh5 Rh7) 61. Rff3 Nxc4 $2 (61... b3 $1 $11 {and Black is okay.} 62. Rxb3 Rxb3 63. Rxb3 Nxe4) 62. Rb3 $1 $18 a4 63. Rh3 axb3 (63... Rxh3 $2 64. Rxh3 Qh7 65. Bc1 Qxh3 66. gxh3 $18) 64. Rxh5 b2 $2 (64... Qf7 65. Ne3 Nxe3 66. Bxe3+ Kg8 67. Qg4+ Qg7 68. Qe6+ Qf7 69. Rh8+ Kxh8 70. Qxf7 b2 71. Qh5+ Kg8 72. Qg4+ Kh8 73. Qh3+ Kg8 74. Qg4+ Kh8 75. Qh5+ Kg8) 65. Bc1+ $1 $18 (65. Bf8+ Qh7 $1 66. Rxh7+ Kxh7 $11) 65... Kg7 {[%emt 0:02:07] [#]} 66. Nh6 $1 bxc1=Q 67. Nf5+ Kf7 68. Qxc1 Nf8 69. Nxe7 b3 70. Qxc4 b2 71. d6+ Ke8 72. Qa4+ (72. Ng8 $142 Kd8 73. Kh2 b1=Q 74. Nxf6 Kc8 75. Qf7 Qg1+ 76. Kxg1 Rb1+ 77. Kh2) 72... Kf7 $18 73. Qa2+ 1-0

[Event "FIDE Womens Grand Prix-I 2022-23"]
[Site "Nur-Sultan"]
[Date "2022.09.22"]
[Round "5.2"]
[White "Assaubayeva, Bibisara"]
[Black "Lagno, Kateryna"]
[Result "1/2-1/2"]
[ECO "D32"]
[WhiteElo "2443"]
[BlackElo "2547"]
[Annotator "TA"]
[PlyCount "60"]
[EventDate "2022.09.15"]
[EventType "tourn"]
[EventCountry "KAZ"]
[SourceTitle "playchess.com"]
[Source "ChessBase"]
[SourceQuality "1"]
[TimeControl "40/5400+30:1800+30"]

1. d4 d5 2. c4 e6 3. Nc3 c5 4. cxd5 exd5 5. Nf3 Nf6 6. Bg5 Be6 7. dxc5 {[%emt 0:04:30][%cal Oe2e4] D32: Tarrasch Defence: Sidelines and lines without g3.} Bxc5 8. e3 O-O 9. Be2 {[%emt 0:17:18] White has an edge.} h6 10. Bh4 Nc6 11. O-O Be7 12. Nd4 Nxd4 13. Qxd4 {[%emt 0:01:17] [#]} Ne4 $146 ({Predecessor:} 13... Rc8 14. Rfd1 b6 15. Bg3 Bc5 16. Qa4 Qe7 17. a3 Qb7 18. Nb5 a6 19. Nd4 b5 {1-0 (38) Ebner,B (1722)-Schernetzki,B (1786) Playchess.com INT 2020}) 14. Nxe4 Bxh4 15. Nc5 Bf6 16. Nxe6 Qd6 17. Qc5 Qxe6 18. Bf3 b6 19. Qa3 a5 20. Rad1 Rad8 21. Rfe1 Rd6 22. Bg4 Bxb2 {[%emt 0:06:32] The position is equal.} 23. Bxe6 Bxa3 24. Bxd5 Rc8 25. e4 Kf8 26. Re3 Bc5 27. Rf3 Rd7 28. Kf1 g6 29. Rc1 {[%emt 0:01:51] Black must now prevent Be6.} Kg7 30. Rfc3 Rdc7 {[%emt 0:00:31] Weighted Error Value: White=0.06 (flawless) /Black=0.04 (flawless)} 1/2-1/2

[Event "FIDE Womens Grand Prix-I 2022-23"]
[Site "Nur-Sultan"]
[Date "2022.09.22"]
[Round "5.3"]
[White "Tan, Zhongyi"]
[Black "Goryachkina, Aleksandra"]
[Result "0-1"]
[ECO "D16"]
[WhiteElo "2525"]
[BlackElo "2579"]
[Annotator "TA"]
[PlyCount "120"]
[EventDate "2022.09.15"]
[EventType "tourn"]
[EventCountry "KAZ"]
[SourceTitle "playchess.com"]
[Source "ChessBase"]
[SourceQuality "1"]
[TimeControl "40/5400+30:1800+30"]

1. d4 d5 2. c4 c6 3. Nf3 Nf6 4. Nc3 dxc4 5. a4 e6 6. e3 c5 7. Bxc4 cxd4 {[%emt 0:00:17] is cutting edge theory.} 8. exd4 Nc6 9. O-O Be7 {[%emt 0:00:17] D16: Slav Defence: 5 a4: Lines with 5...Bg4 and 5...Na6.} 10. Be3 O-O 11. Ne5 Qd6 $5 {[%emt 0:10:39][%mdl 4] The position is equal. Exploring less charted territory.} 12. Nb5 Qd8 13. Nc3 {[%emt 0:00:07] [#]} Qd6 $5 $146 {[%emt 0:00:02][%mdl 8] An interesting novelty.} ({Predecessor:} 13... a6 14. Rc1 Qd6 15. Nxc6 bxc6 16. b3 a5 17. Qe2 Nd5 18. Ne4 Qd8 19. Bd2 Qb6 20. Rfd1 Qxd4 21. Bxa5 {½-½ (109) Vidit,S (2513)-Ni,H (2641) Moscow 2012}) 14. Nxc6 Qxc6 15. Qb3 Qd6 16. h3 Bd7 17. Rfd1 Qb4 18. d5 Qxb3 19. Bxb3 Bb4 20. Nb5 Bxb5 21. axb5 Nxd5 22. Bxd5 exd5 23. Rxd5 a6 24. b6 (24. Rad1 $14) 24... Rfd8 $11 25. Rad1 Be7 26. Rd7 {[%emt 0:00:11] Threatens to win with R1d2.} Kf8 $1 27. R1d4 Rab8 28. Rc7 Rxd4 29. Bxd4 {[%emt 0:00:06][%mdl 4096] Endgame KRB-KRB} Bd8 30. Rc2 f6 31. g4 Ke8 32. Kg2 Kd7 33. Kf3 a5 34. Ke4 Ra8 35. Be3 Ra6 36. Rd2+ Ke8 37. Rd6 a4 38. f4 a3 39. bxa3 Rxa3 40. f5 Rb3 41. h4 Be7 42. Re6 {[%emt 0:00:35] aiming for Bc5.} Kd7 43. Bd4 Rg3 44. g5 (44. Kd5 $11 {remains equal.}) 44... Rg4+ $1 $17 (44... fxg5 45. h5) 45. Kd3 fxg5 46. h5 Bf8 (46... Rf4 $17 47. h6 gxh6 48. Rxh6 Rh4) 47. Re2 (47. Re5 $1 $15) 47... Rf4 48. Re5 (48. Rf2 $17) 48... Bd6 $1 $19 49. Ra5 {[%emt 0:00:00] [#]} g4 $1 50. Be3 {[%emt 0:01:37] [#]} Rf1 (50... Rb4 $1 $19 {and Black stays clearly on top. White must now prevent ...g3.} 51. Ra8 g3) 51. Ke2 (51. Ra4 $17 {was called for.}) 51... Rh1 {[%emt 0:00:00] ...Rh2+ is the strong threat.} 52. Ra4 $2 {[%emt 0:02:18] Now White is beyond hope.} (52. h6 $17 gxh6 53. Ra8) 52... Rxh5 ({Weaker is} 52... Rh2+ 53. Kd3 $17) 53. Rxg4 Be5 ({Worse is} 53... Rxf5 54. Rxg7+ Kc6 55. Rxh7 $11) 54. Kd3 Rxf5 55. Ra4 Bd6 56. Bd4 (56. Ra8 {is a better defense.}) 56... g6 {[%emt 0:00:17] Black is clearly winning.} 57. Ke4 Bc5 58. Be5 Bxb6 59. Rb4 Kc6 60. Rc4+ Bc5 {[%emt 0:00:08] Weighted Error Value: White=0.22 (precise) /Black=0.07 (flawless)} 0-1

[Event "FIDE Womens Grand Prix-I 2022-23"]
[Site "Nur-Sultan"]
[Date "2022.09.22"]
[Round "5.4"]
[White "Wagner, Dinara"]
[Black "Vaishali, Rameshbabu"]
[Result "1/2-1/2"]
[ECO "E04"]
[WhiteElo "2358"]
[BlackElo "2449"]
[Annotator "TA"]
[PlyCount "103"]
[EventDate "2022.09.15"]
[EventType "tourn"]
[EventCountry "KAZ"]
[SourceTitle "playchess.com"]
[Source "ChessBase"]
[SourceQuality "1"]
[TimeControl "40/5400+30:1800+30"]

1. d4 Nf6 2. c4 e6 3. Nf3 d5 4. g3 dxc4 5. Bg2 c6 6. a4 Bb4+ 7. Bd2 a5 8. Qc2 O-O 9. Bxb4 axb4 10. Qxc4 Qa5 11. Qc2 Nbd7 12. Nbd2 e5 13. Nc4 b3+ 14. Qd2 Qxd2+ 15. Ncxd2 (15. Nfxd2 $16 exd4 16. Nxb3) 15... e4 $14 16. Ng5 e3 17. fxe3 Nb6 18. a5 {[%emt 0:00:42] Black must now prevent e4.} (18. Nxb3 Nc4 $11) 18... Re8 (18... Ng4 $14) 19. e4 ({And not} 19. Nxb3 Nc4 $15) 19... h6 20. Ngf3 (20. Nxb3 Nc4 21. e5 Ne3 $11) 20... Nxe4 21. O-O (21. Ne5 $16 f6 22. Bxe4 (22. Nxe4 fxe5 23. Nd6 Re7 $14) 22... fxe5 23. Nxb3 exd4 24. Bg6) 21... Nxd2 $11 22. Nxd2 Nd5 (22... Rxe2 $2 23. axb6 (23. Rf2 Re7 $11) 23... Rxa1 24. Rxa1 $18) 23. Bxd5 cxd5 24. Rfe1 b6 (24... Ra6 $11) 25. axb6 $14 Rb8 26. Ra3 Rxb6 {[%emt 0:00:55] The position is equal.} 27. Rxb3 Rc6 28. Rc3 Rb6 29. Rb3 Rc6 30. Rc3 Rb6 31. b3 Bh3 32. Kf2 Rf6+ 33. Rf3 Rfe6 34. Rc3 Rf6+ 35. Nf3 g5 {[%emt 0:01:02] ...g4 is the strong threat.} 36. Kg1 Re4 37. Rd3 Kg7 38. Nd2 Re7 39. Nf3 Rfe6 40. Kf2 Rf6 {[%emt 0:00:44] [#] Strongly threatening ...g4.} 41. Kg1 $1 Ra6 42. Ne5 f6 43. Nf3 Bf5 44. Rd2 Be4 {[%emt 0:04:38] [#] Threatens to win with ...Bxf3.} 45. Rc1 Rb7 46. Rb2 Rb4 47. Kf2 Rab6 (47... Kf7 {looks sharper.} 48. Rc7+ Ke6 49. Ke3 Ra3) 48. Rc3 Bxf3 49. exf3 Rxd4 50. Rc5 h5 51. Ke3 Rdb4 52. Rxd5 {[%emt 0:00:11] Weighted Error Value: White=0.08 (flawless) /Black=0.07 (flawless)} 1/2-1/2

[Event "FIDE Womens Grand Prix-I 2022-23"]
[Site "Nur-Sultan"]
[Date "2022.09.22"]
[Round "5.5"]
[White "Paehtz, Elisabeth"]
[Black "Kosteniuk, Alexandra"]
[Result "0-1"]
[ECO "C84"]
[WhiteElo "2477"]
[BlackElo "2521"]
[Annotator "TA"]
[PlyCount "64"]
[EventDate "2022.09.15"]
[EventType "tourn"]
[EventCountry "KAZ"]
[SourceTitle "playchess.com"]
[Source "ChessBase"]
[SourceQuality "1"]
[TimeControl "40/5400+30:1800+30"]

1. e4 e5 2. Nf3 Nc6 3. Bb5 a6 4. Ba4 Nf6 5. O-O Be7 6. d3 b5 7. Bb3 d6 8. Bd2 {[%emt 0:00:05] C84: Closed Ruy Lopez: Unusual White 6th moves.} O-O 9. h3 Bb7 10. Re1 {[%emt 0:00:09] The position is equal.} Nb8 {[%emt 0:02:09] [#]} 11. c4 $146 ({Predecessor:} 11. a3 Nbd7 12. Nc3 Nc5 13. Ba2 Ne6 14. Ne2 Re8 15. Ng3 Bf8 16. c4 c5 17. b4 {1-0 (80) Nihal,S (2650)-Kovalev,V (2634) Dubai 2021}) 11... bxc4 12. Bxc4 Nbd7 (12... c5 $11) 13. Nc3 Nb6 14. Bb3 c5 {[%emt 0:00:11] Inhibits d4.} 15. Be3 Ne8 16. Nd2 Kh8 (16... Nc7 {is interesting.} 17. Rb1 Rb8 18. Qg4 Bc8) 17. f4 exf4 18. Bxf4 Nc7 19. Nc4 Ne6 {[%emt 0:00:46] [#] aiming for ...Nxc4.} 20. Be3 Nxc4 21. Bxc4 Bf6 22. Rf1 Rb8 23. Qd2 Be5 24. Rac1 Qd7 25. Kh1 Nd4 26. Bd5 f5 27. b3 fxe4 28. dxe4 Bxd5 29. Nxd5 Qb5 30. Rf2 Rxf2 31. Qxf2 Ne2 32. Rc4 {[%emt 0:01:13][%mdl 8192] [#]} (32. Re1 $11 Ng3+ 33. Kg1) 32... Qxc4 $3 {[%emt 0:01:23][%mdl 512] Weighted Error Value: White=0.38/Black=0.07 (flawless)} 0-1

[Event "FIDE Womens Grand Prix-I 2022-23"]
[Site "Nur-Sultan"]
[Date "2022.09.22"]
[Round "5.6"]
[White "Zhu, Jiner"]
[Black "Abdumalik, Zhansaya"]
[Result "1-0"]
[ECO "B33"]
[WhiteElo "2464"]
[BlackElo "2503"]
[Annotator "TA"]
[PlyCount "71"]
[EventDate "2022.09.15"]
[EventType "tourn"]
[EventCountry "KAZ"]
[SourceTitle "playchess.com"]
[Source "ChessBase"]
[SourceQuality "1"]
[TimeControl "40/5400+30:1800+30"]

1. e4 c5 2. Nf3 Nc6 3. d4 cxd4 4. Nxd4 Nf6 5. Nc3 e5 6. Ndb5 d6 7. Nd5 Nxd5 8. exd5 Nb8 9. a4 a6 10. Na3 Be7 11. Be2 O-O 12. O-O f5 {[%emt 0:05:07] B33: Sicilian: Pelikan and Sveshnikov Variations.} 13. b4 {[%emt 0:14:44] Recently 13.Nc4 got a lot of attention.} f4 {[%emt 0:11:46] [#]} 14. Nc4 $146 ({Predecessor:} 14. a5 Bf5 15. c4 Nd7 16. Nb1 Bf6 17. Bg4 Bxg4 18. Qxg4 e4 19. Ra3 Be5 20. Nd2 {0-1 (47) Abdusattorov,N (2688)-Gukesh,D (2684) Biel 2022}) 14... Bf5 {[%emt 0:03:32] The position is equal.} 15. f3 Nd7 16. Bd3 (16. a5 $11) 16... Rc8 $15 17. a5 Qe8 (17... Bxd3 $15 18. cxd3 Qe8) 18. Bxf5 $11 Rxf5 19. Qd3 Rh5 20. Bd2 Rh6 21. Be1 Qh5 22. h3 Rg6 23. Nd2 Rf8 (23... Qxh3 $2 24. Qxg6 $3 hxg6 25. gxh3 $18) (23... Nf6 $11) 24. Kh2 Bh4 ({Black should play} 24... Nf6 $14) 25. Ne4 $16 Nf6 (25... Rd8 $16) 26. Nxd6 $18 {[%emt 0:06:27] Hoping for Bxh4.} Qg5 {[%emt 0:04:10][%csl Gg6][%cal Rg5g2] [#]} 27. Rg1 {[%emt 0:01:18] Active counter play!} (27. g4 fxg3+ 28. Kg2 Nh5 $15) (27. Qd2 $1 $18) 27... Bg3+ {[%emt 0:07:39][%mdl 8192] [#]} (27... Bxe1 $11 28. Raxe1 Qg3+ 29. Kh1 Ng4 30. fxg4 f3) 28. Kh1 $1 Rd8 29. Ne4 Qh4 (29... Nxe4 $2 30. Qxe4 (30. fxe4 Qh4 $11) 30... Rh6 31. c4) (29... Qf5 {is a better defense.} 30. Bxg3 fxg3) 30. c4 ({Resist} 30. Bxg3 fxg3 31. Rge1 Nh5 $18) 30... Nh5 (30... Nxe4 $2 31. Qxe4 Qf6 32. Rd1 $18) 31. c5 {[%emt 0:01:33] White is clearly winning.} ({Weaker is} 31. Bc3 Bf2 $18) 31... Bxe1 32. Raxe1 Ng3+ 33. Nxg3 Rxg3 34. Re2 Re8 35. d6 e4 36. d7 {[%emt 0:00:18] Weighted Error Value: White=0.25 (precise) /Black=0.63} 1-0